General information
- name: BNet
- type: Ladder 1vs1/FFA
- host: Battle.net
- saver: BEAR_AND
map: TheTwoRivers
- players: 2
- length: 22:29
- speed: Fast
- version: 1.27 W3XP
- replay type:

» download(90 KB)
Players
team 1 (winner)
BEAR_AND (
purple | 181 APM | 4063 actions | 22:29)
2 Mountain King
1 Storm Bolt
1 Bash
4 Archmage
1 Summon Water Elemental
1 Brilliance Aura
2 Blizzard
1 Paladin
1 Holy Light
» actions
| Assign group hotkey | 46 | |
| Basic commands | 9 | |
| Build / train | 118 | |
| ESC pressed | 1 | |
| Enter build submenu | 45 | |
| Enter hero's abilities submenu | 8 | |
| Give item / drop item | 3 | |
| Remove unit from queue | 1 | |
| Right click | 2622 | |
| Select / deselect | 589 | |
| Select group hotkey | 409 | |
| Use ability | 209 | |
4063 total
» units
| Peasant | 17 | |
| Priest | 1 | |
| Gryphon Rider | 5 | |
23 total
» upgrades
| Masonry | 3 | |
| Lumber Harvesting | 3 | |
| Magic Sentry | 1 | |
| Storm Hammers | 2 | |
| Animal War Training | 1 | |
| Swords | 3 | |
13 total
» buildings
| Altar of Kings | 1 | |
| Farm | 7 | |
| Lumber Mill | 1 | |
| Scout Tower | 36 | |
| Arcane Vault | 1 | |
| Arcane Tower | 4 | |
| Guard Tower | 25 | |
| Keep | 4 | |
| Arcane Sanctum | 1 | |
| Castle | 1 | |
| Town Hall | 2 | |
| Gryphon Aviary | 1 | |
| Blacksmith | 1 | |
| Barracks | 1 | |
86 total
» build order
00:13 Altar of Kings
00:19 Farm
00:44 Farm
01:11 Lumber Mill
01:16 Scout Tower
01:37 Arcane Vault
01:44 Scout Tower
01:48 Scout Tower
02:03 Arcane Tower
02:03 Arcane Tower
02:03 Arcane Tower
02:13 Scout Tower
02:41 Scout Tower
02:41 Guard Tower
02:42 Guard Tower
03:12 Guard Tower
03:13 Guard Tower
03:13 Guard Tower
03:14 Scout Tower
03:15 Scout Tower
03:15 Scout Tower
03:26 Scout Tower
03:49 Guard Tower
04:12 Keep
04:12 Keep
04:12 Keep
04:19 Guard Tower
04:53 Guard Tower
04:55 Farm
04:56 Farm
04:58 Scout Tower
05:14 Scout Tower
05:14 Scout Tower
07:21 Guard Tower
07:24 Arcane Sanctum
07:44 Guard Tower
07:45 Scout Tower
07:45 Scout Tower
07:46 Scout Tower
07:48 Castle
08:02 Scout Tower
08:03 Scout Tower
08:07 Scout Tower
08:08 Scout Tower
08:08 Scout Tower
08:08 Scout Tower
08:19 Scout Tower
08:19 Scout Tower
08:20 Scout Tower
08:20 Scout Tower
08:32 Guard Tower
08:34 Arcane Tower
08:34 Guard Tower
08:34 Guard Tower
08:35 Guard Tower
08:38 Guard Tower
09:05 Guard Tower
09:06 Guard Tower
09:06 Guard Tower
09:06 Guard Tower
09:15 Guard Tower
09:28 Guard Tower
10:03 Town Hall
11:38 Town Hall
12:18 Gryphon Aviary
15:56 Farm
15:59 Blacksmith
16:01 Barracks
16:36 Farm
16:38 Farm
20:56 Scout Tower
20:57 Scout Tower
20:57 Scout Tower
20:58 Scout Tower
20:58 Scout Tower
22:10 Scout Tower
22:11 Scout Tower
22:13 Scout Tower
22:13 Scout Tower
22:15 Scout Tower
22:15 Scout Tower
» items
| Scroll of Regeneration | 1 | |
| Lesser Clarity Potion | 2 | |
| Staff of Sanctuary | 3 | |
| Potion of Lesser Invulnerability | 7 | |
| Staff of Teleportation | 2 | |
| Tome of Retraining | 1 | |
| Boots of Speed | 1 | |
17 total
team 2 (loser)

»
lijun (
pink | 56 APM | 1257 actions | 22:28)
3 Death Knight
2 Death Coil
1 Unholy Aura
2 Lich
1 Frost Armor
1 Frost Nova
» actions
| Assign group hotkey | 24 | |
| Basic commands | 90 | |
| Build / train | 55 | |
| Enter build submenu | 20 | |
| Enter hero's abilities submenu | 5 | |
| Give item / drop item | 1 | |
| Remove unit from queue | 1 | |
| Right click | 577 | |
| Select / deselect | 301 | |
| Select group hotkey | 113 | |
| Use ability | 70 | |
1257 total
» units
| Acolyte | 8 | |
| Ghoul | 5 | |
| Crypt Fiend | 12 | |
| Obsidian Statue | 4 | |
| Meatwagon | 3 | |
32 total
» upgrades
| Creature Attack | 2 | |
| Destroyer Form | 1 | |
| Creature Carapace | 1 | |
4 total
» buildings
| Altar of Darkness | 1 | |
| Ziggurat | 11 | |
| Crypt | 1 | |
| Tomb of Relics | 1 | |
| Graveyard | 1 | |
| Nerubian Tower | 1 | |
| Halls of the Dead | 1 | |
| Black Citadel | 1 | |
| Slaughterhouse | 1 | |
| Necropolis | 1 | |
| Sacrificial Pit | 1 | |
| Boneyard | 1 | |
22 total
» build order
00:09 Altar of Darkness
00:17 Ziggurat
00:37 Crypt
01:17 Tomb of Relics
01:52 Ziggurat
02:19 Graveyard
02:23 Nerubian Tower
03:57 Halls of the Dead
04:04 Ziggurat
04:08 Ziggurat
07:23 Black Citadel
07:32 Ziggurat
07:57 Slaughterhouse
08:01 Black Citadel
11:22 Ziggurat
15:43 Ziggurat
16:33 Necropolis
18:10 Sacrificial Pit
20:31 Boneyard
20:46 Ziggurat
20:47 Ziggurat
20:50 Ziggurat
20:53 Ziggurat
» items
| Rod of Necromancy | 4 | |
| Potion of Healing | 2 | |
| Orb of Corruption | 1 | |
| Scroll of Healing | 1 | |
8 total
Chat log
(00:16 / All) BEAR_AND: hi
(00:16 / All) BEAR_AND: gl
(00:19 / All) lijun: gl
(12:31 / All) BEAR_AND: ;pp;